 Dungeon Crawl Stone Soup version 0.22.1-2-g9c5b331 (webtiles) character file.

11699 Harpaggios the Martial Artist (level 11, 0/84 HPs)
             Began as a Gnoll Transmuter on Dec 22, 2018.
             Was an Elder of Qazlal.
             Slain by a fire dragon (9 damage)
             ... in a volcano on Dec 24, 2018.
             The game lasted 01:09:43 (13108 turns).

Harpaggios the Martial Artist (Gnoll Transmuter)   Turns: 13108, Time: 01:09:44

Health: 0/84       AC:  2    Str: 12    XL:     11   Next: 81%
Magic:  10/23      EV: 37    Int: 18    God:    Qazlal [****..]
Gold:   529        SH:  5    Dex: 31    Spells: 16/26 levels left

rFire    + . .     SeeInvis +     - Unarmed
rCold    + . .     Gourm    .   (shield currently unavailable)
rNeg     + . .     Faith    .   (armour currently unavailable)
rPois    x         Spirit   .   (helmet currently unavailable)
rElec    .         Reflect  .   (cloak currently unavailable)
rCorr    .         Harm     .   (gloves currently unavailable)
MR       .....                  (boots currently unavailable)
Stlth    +++.......             (no amulet)
HPRegen  0.24/turn              h - ring of see invisible
MPRegen  0.18/turn              E - ring "Xufore Dunisk" {rC+ rN+ Dex+4}

@: agile, about to teleport, spider-form, protected from fire, repel missiles
A: tiny, distributed training, mutation resistance 1, strong nose
a: End Transformation, Upheaval, Elemental Force, Renounce Religion


You were in a volcano.
You worshipped Qazlal.
Qazlal was greatly pleased with you.
You were not hungry.
You were a venomous arachnid creature.
You visited 2 branches of the dungeon, and saw 11 of its levels.
You also visited: Volcano.

You collected 529 gold pieces.

Inventory:

Missiles
 a - 215 arrows
 q - 3 throwing nets (quivered)
 y - 2 tomahawks
Armour
 b - a +1 robe
 A - a +3 leather armour (melded)
 C - a +1 hat (melded)
Jewellery
 c - an uncursed ring of protection from fire
 e - an uncursed ring of positive energy
 h - a ring of see invisible (left front leg)
 j - an uncursed ring of wizardry
 k - a +6 ring of slaying
 s - an uncursed ring of poison resistance
 E - the ring "Xufore Dunisk" (right front leg) {rC+ rN+ Dex+4}
   (You found it on level 8 of the Dungeon)

   [ring of protection from cold]

   It affects your dexterity (+4).
   It protects you from cold.
   It protects you from negative energy.
Wands
 l - a wand of random effects (63)
 u - a wand of paralysis (14)
 v - a wand of enslavement (16)
 D - a wand of digging (14)
 F - a wand of flame (42)
 H - a wand of iceblast (9)
Scrolls
 g - 2 scrolls of enchant armour
 m - 2 scrolls of teleportation
 n - 2 scrolls of remove curse
 t - 2 scrolls of enchant weapon
 w - 6 scrolls of identify
 x - a scroll of magic mapping
Potions
 f - 2 potions of magic
 i - 2 potions of brilliance
 o - 2 potions of curing
 p - a potion of might
 r - a potion of agility
 G - 2 potions of resistance
Comestibles
 d - 18 rations


   Skills:
 + Level 7.1 Fighting
 + Level 6.5 Short Blades
 + Level 6.5 Long Blades
 + Level 6.5 Axes
 + Level 6.5 Maces & Flails
 + Level 6.5 Polearms
 + Level 6.5 Staves
 + Level 6.5 Slings
 + Level 6.5 Bows
 + Level 6.5 Crossbows
 + Level 6.5 Throwing
 + Level 6.5 Armour
 + Level 8.1 Dodging
 + Level 6.5 Stealth
 + Level 6.5 Shields
 + Level 9.3 Unarmed Combat
 + Level 8.3 Spellcasting
 + Level 5.4 Conjurations
 + Level 5.4 Hexes
 + Level 5.4 Charms
 + Level 5.4 Summonings
 + Level 5.4 Necromancy
 + Level 5.4 Translocations
 + Level 6.7 Transmutations
 + Level 5.4 Fire Magic
 + Level 5.4 Ice Magic
 + Level 5.4 Air Magic
 + Level 5.4 Earth Magic
 + Level 5.4 Poison Magic
 + Level 7.2 Invocations
 + Level 6.5 Evocations


You had 16 spell levels left.
You knew the following spells:

 Your Spells              Type           Power        Failure   Level  Hunger
a - Beastly Appendage     Tmut           ####..       4%          1    None
b - Sticks to Snakes      Tmut           ####....     4%          2    None
c - Spider Form           Tmut/Pois      ####......   9%          3    None
d - Ice Form              Ice/Tmut       ####....     21%         4    ###....

Your spell library contained the following spells:

 Spells                   Type           Power        Failure   Level  Hunger
 Corona                   Hex            ####...      5%          1    None
 Ensorcelled Hibernation  Hex/Ice        ####..       7%          2    None
 Confuse                  Hex            ####....     11%         3    None
 Dazzling Spray           Conj/Hex       ####..       11%         3    None
 Tukima's Dance           Hex            ####....     11%         3    None
 Blade Hands              Tmut           ####......   36%         5    #####..


Dungeon Overview and Level Annotations

Branches:
Dungeon (10/15)            Temple (0/1) D:5            Lair (1/6) D:8
    Orc: D:9-12

Altars:
Elyvilon
Kikubaaqudgha
Nemelex Xobeh
Okawaru
Qazlal
Ru
Sif Muna
Trog
Wu Jian
Xom
Zin

Shops:
D:6 ?

Annotations:
D:5 1 runed door


Innate Abilities, Weirdness & Mutations

Your experience applies equally to all skills.
((You have very sharp teeth.))
Your uncanny sense of smell can sniff out nearby items.
((You have a pair of small horns on your head.))
((You are partially covered in large bone plates. (SH +4)))
You are somewhat resistant to further mutation.


Message History

* * * LOW HITPOINT WARNING * * *
The lindwurm breathes flames at you. The blast of flame misses you.
Unknown command.
You feel agile all of a sudden. The hell hound completely misses you.
The fire bat completely misses you. The fire dragon completely misses you.
You block the fire dragon's attack. The fire dragon completely misses you.
The hell hound completely misses you. The steam dragon completely misses you.
The steam dragon barely misses you.
As you read the scroll of teleportation, it crumbles to dust.
You feel strangely unstable.
The fire dragon looks more healthy.
The fire bat bites you.
* * * LOW HITPOINT WARNING * * *
You are engulfed in flames.
You resist.
* * * LOW HITPOINT WARNING * * *
The hell hound breathes flames at you. The blast of flame misses you.
You hear a sizzling sound!
The fire dragon bites you!
You die...

## #.# ∆### .∩..
∆)..# ## .!). ###
...# ##..##
..###.##..# .∩)!..#
#.#..§.###..
#..))..###†.h...k....
#....Dsb.###...
##..[D.§.# ∆∆∆∆
∆∆...##§..### ##
#.#.... ...####. !?.
#. ∆∆ ...# .. .##
..[∆


You could see a fire dragon, a lindwurm, a steam dragon, a hell hound and a fire
bat.

Vanquished Creatures
  Harold (D:8)
  An unseen horror (D:10)
  An ugly thing (D:9)
  Maurice (D:8)
  An elephant (D:8)
  Joseph (D:9)
  A hornet (D:10)
  A troll (D:10)
  Prince Ribbit (D:6)
  3 hippogriffs (D:10)
  7 yaks
  4 fire bats (Volcano)
  3 steam dragons
  3 hell hounds (Volcano)
  Duvessa (D:6)
  A black bear (D:10)
  A water moccasin (Lair:1)
  4 ice beasts
  3 sky beasts
  4 orc warriors
  3 phantoms (D:10)
  3 ogres
  7 centaurs
  2 crocodiles (D:8)
  3 big kobolds
  Blork the orc (D:4)
  3 bullfrogs
  A gnoll sergeant (D:7)
  Dowan (D:6)
  2 scorpions
  4 wights (D:7)
  3 howler monkeys
  6 crimson imps
  2 bullfrog zombies
  A centaur zombie (D:7)
  9 hounds
  2 jellies
  11 orc priests
  A centaur skeleton (D:7)
  9 orc wizards
  2 bullfrog skeletons
  2 iguanas (D:6)
  6 worker ants
  A killer bee zombie (D:8)
  A hound zombie (D:8)
  3 hound skeletons
  16 gnolls
  11 adders
  A shadow imp (D:8)
  An ooze (D:1)
  An adder zombie (D:9)
  An adder skeleton (D:5)
  4 worms
  3 dart slugs
  2 leopard geckos
  48 orcs
  A giant cockroach (D:1)
  4 goblins
  10 hobgoblins
  8 jackals
  5 quokkas
  5 ball pythons
  A ball python skeleton (D:4)
  A ball python zombie (D:5)
  10 bats
  5 frilled lizards
  17 kobolds
  2 leopard gecko skeletons (D:7)
  A quokka skeleton (D:4)
  6 rats
296 creatures vanquished.

Vanquished Creatures (collateral kills)
  A hippogriff (D:3)
  Sigmund (D:3)
  A centaur (D:6)
  An orc wizard (D:6)
  A worker ant (D:6)
  3 gnolls (D:2)
  An orc (D:6)
  A hobgoblin (D:3)
10 creatures vanquished.

Vanquished Creatures (others)
  A fungus (D:8)
1 creature vanquished.

Grand Total: 307 creatures vanquished

Notes
Turn   | Place    | Note
-------+----------+-------------------------------------------
     0 | D:1      | Harpaggios the Gnoll Transmuter began the quest for the
                  | Orb.
     0 | D:1      | Reached XP level 1. HP: 17/17 MP: 6/6
   279 | D:1      | Reached XP level 2. HP: 21/23 MP: 5/7
   593 | D:1      | Reached XP level 3. HP: 28/28 MP: 7/9
   631 | D:1      | Reached skill level 5 in Spellcasting
   670 | D:1      | Learned a level 2 spell: Sticks to Snakes
   674 | D:1      | Learned a level 3 spell: Spider Form
  1155 | D:2      | Reached skill level 1 in Invocations
  1158 | D:2      | Reached skill level 1 in Short Blades
  1158 | D:2      | Reached skill level 1 in Long Blades
  1158 | D:2      | Reached skill level 1 in Axes
  1158 | D:2      | Reached skill level 1 in Maces & Flails
  1158 | D:2      | Reached skill level 1 in Polearms
  1158 | D:2      | Reached skill level 1 in Staves
  1158 | D:2      | Reached skill level 1 in Slings
  1158 | D:2      | Reached skill level 1 in Bows
  1158 | D:2      | Reached skill level 1 in Crossbows
  1158 | D:2      | Reached skill level 1 in Throwing
  1158 | D:2      | Reached skill level 1 in Armour
  1158 | D:2      | Reached skill level 1 in Stealth
  1158 | D:2      | Reached skill level 1 in Shields
  1158 | D:2      | Reached skill level 1 in Evocations
  1158 | D:2      | Reached XP level 4. HP: 31/34 MP: 7/11
  1532 | D:2      | Reached skill level 1 in Conjurations
  1532 | D:2      | Reached skill level 1 in Hexes
  1532 | D:2      | Reached skill level 1 in Charms
  1532 | D:2      | Reached skill level 1 in Summonings
  1532 | D:2      | Reached skill level 1 in Necromancy
  1532 | D:2      | Reached skill level 1 in Translocations
  1532 | D:2      | Reached skill level 1 in Fire Magic
  1532 | D:2      | Reached skill level 1 in Ice Magic
  1532 | D:2      | Reached skill level 1 in Air Magic
  1532 | D:2      | Reached skill level 1 in Earth Magic
  1532 | D:2      | Reached skill level 1 in Poison Magic
  1629 | D:2      | Reached XP level 5. HP: 19/40 MP: 4/12
  3158 | D:3      | Noticed Sigmund
  3181 | D:3      | Killed Sigmund
  3181 | D:3      | Reached XP level 6. HP: 27/47 MP: 8/13
  3348 | D:3      | Found an iron altar of Okawaru.
  3351 | D:3      | Found a shimmering altar of Xom.
  3369 | D:3      | Found a stormy altar of Qazlal.
  3369 | D:3      | Found a sacrificial altar of Ru.
  3372 | D:3      | Found a bloodstained altar of Trog.
  3381 | D:3      | Became a worshipper of Qazlal Stormbringer
  3585 | D:3      | Noticed a hippogriff
  3600 | D:3      | Killed a hippogriff
  3600 | D:3      | Reached skill level 5 in Dodging
  4118 | D:3      | Reached * piety under Qazlal
  4583 | D:4      | Noticed Blork the orc
  4602 | D:4      | Killed Blork the orc
  4602 | D:4      | Reached XP level 7. HP: 39/52 MP: 8/15
  4886 | D:4      | Found a deep blue altar of Sif Muna.
  4886 | D:4      | Found a sparkling altar of Nemelex Xobeh.
  5018 | D:5      | Entered Level 5 of the Dungeon
  5026 | D:5      | Reached skill level 7 in Unarmed Combat
  5104 | D:5      | Found a glowing silver altar of Zin.
  5104 | D:5      | Noticed an angel
  5411 | D:5      | Found an ancient bone altar of Kikubaaqudgha.
  5442 | D:5      | Found a white marble altar of Elyvilon.
  5442 | D:5      | Noticed an angel
  5443 | D:5      | Found a runed door.
  5564 | D:5      | Found a staircase to the Ecumenical Temple.
  6013 | D:6      | Found Igrufy's Magic Scroll Shoppe.
  6020 | D:6      | HP: 1/53 [centaur/arrow (11)]
  6029 | D:6      | Reached XP level 8. HP: 3/60 MP: 8/16
  6354 | D:6      | Noticed Duvessa
  6368 | D:5      | Reached ** piety under Qazlal
  6632 | D:6      | Noticed Dowan
  6930 | D:6      | Found an ornate altar of the Wu Jian Council.
  7305 | D:6      | Noticed Prince Ribbit
  7308 | D:6      | Killed Duvessa
  7308 | D:6      | Reached XP level 9. HP: 66/66 MP: 14/18
  7317 | D:6      | Killed Prince Ribbit
  7317 | D:6      | Reached skill level 5 in Transmutations
  7323 | D:6      | Killed Dowan
  8177 | D:7      | Learned a level 4 spell: Ice Form
  8333 | D:7      | Reached *** piety under Qazlal
  8518 | D:7      | Reached skill level 5 in Fighting
  8747 | D:7      | Reached skill level 8 in Unarmed Combat
  8785 | D:7      | Reached skill level 5 in Invocations
  9449 | D:8      | Noticed Harold
  9467 | D:8      | Killed Harold
  9467 | D:8      | Reached XP level 10. HP: 27/75 MP: 18/20
  9488 | D:8      | Noticed Maurice
  9706 | D:8      | Reached skill level 5 in Short Blades
  9706 | D:8      | Reached skill level 5 in Long Blades
  9706 | D:8      | Reached skill level 5 in Axes
  9706 | D:8      | Reached skill level 5 in Maces & Flails
  9706 | D:8      | Reached skill level 5 in Polearms
  9706 | D:8      | Reached skill level 5 in Staves
  9706 | D:8      | Reached skill level 5 in Slings
  9706 | D:8      | Reached skill level 5 in Bows
  9706 | D:8      | Reached skill level 5 in Crossbows
  9706 | D:8      | Reached skill level 5 in Throwing
  9706 | D:8      | Reached skill level 5 in Armour
  9706 | D:8      | Reached skill level 5 in Stealth
  9706 | D:8      | Reached skill level 5 in Shields
  9706 | D:8      | Reached skill level 5 in Evocations
  9769 | D:8      | Noticed an elephant
  9791 | D:8      | Reached **** piety under Qazlal
  9803 | D:8      | Killed an elephant
 10345 | D:8      | Found a staircase to the Lair.
 10390 | D:8      | Got an ancient granite ring
 10420 | D:8      | Killed Maurice
 10792 | D:9      | Noticed a purple ugly thing
 10799 | D:9      | Killed a purple ugly thing
 10799 | D:9      | Reached XP level 11. HP: 78/82 MP: 18/22
 10984 | D:9      | Identified the ring "Xufore Dunisk" {rC+ rN+ Dex+4} (You
                  | found it on level 8 of the Dungeon)
 11151 | D:9      | Noticed Joseph
 11164 | D:9      | Killed Joseph
 11551 | D:9      | Gained mutation: You have a pair of small horns on your
                  | head. [potion of mutation]
 11551 | D:9      | Gained mutation: You are somewhat resistant to further
                  | mutation. [potion of mutation]
 11551 | D:9      | Gained mutation: You are partially covered in large bone
                  | plates. (SH +4) [potion of mutation]
 11961 | D:10     | Entered Level 10 of the Dungeon
 12110 | D:10     | Reached ***** piety under Qazlal
 12152 | D:10     | Reached skill level 9 in Unarmed Combat
 12364 | D:10     | Reached skill level 5 in Conjurations
 12364 | D:10     | Reached skill level 5 in Hexes
 12364 | D:10     | Reached skill level 5 in Charms
 12364 | D:10     | Reached skill level 5 in Summonings
 12364 | D:10     | Reached skill level 5 in Necromancy
 12364 | D:10     | Reached skill level 5 in Translocations
 12364 | D:10     | Reached skill level 5 in Fire Magic
 12364 | D:10     | Reached skill level 5 in Ice Magic
 12364 | D:10     | Reached skill level 5 in Air Magic
 12364 | D:10     | Reached skill level 5 in Earth Magic
 12364 | D:10     | Reached skill level 5 in Poison Magic
 12474 | D:10     | Noticed an unseen horror
 12482 | D:10     | Killed an unseen horror
 13026 | Lair:1   | Entered Level 1 of the Lair of Beasts
 13069 | Lair:1   | Noticed a lindwurm
 13073 | Lair:1   | Found a dark tunnel.
 13082 | Volcano  | Entered a volcano
 13091 | Volcano  | Noticed a fire dragon
 13104 | Volcano  | Noticed a lindwurm
 13108 | Volcano  | Slain by a fire dragon

Skill      XL: |  1  2  3  4  5  6  7  8  9 10 11 |
---------------+----------------------------------+-----
Spellcasting   | 5 6 7 8 |  8.3
Invocations    | 1 2 3 4 5 6 7 |  7.2
Short Blades   | 1 2 3 4 5 6 |  6.5
Long Blades    | 1 2 3 4 5 6 |  6.5
Axes           | 1 2 3 4 5 6 |  6.5
Maces & Flails | 1 2 3 4 5 6 |  6.5
Polearms       | 1 2 3 4 5 6 |  6.5
Staves         | 1 2 3 4 5 6 |  6.5
Slings         | 1 2 3 4 5 6 |  6.5
Bows           | 1 2 3 4 5 6 |  6.5
Crossbows      | 1 2 3 4 5 6 |  6.5
Throwing       | 1 2 3 4 5 6 |  6.5
Armour         | 1 2 3 4 5 6 |  6.5
Stealth        | 1 2 3 4 5 6 |  6.5
Shields        | 1 2 3 4 5 6 |  6.5
Evocations     | 1 2 3 4 5 6 |  6.5
Conjurations   | 1 2 3 4 5 |  5.4
Hexes          | 1 2 3 4 5 |  5.4
Charms         | 1 2 3 4 5 |  5.4
Summonings     | 1 2 3 4 5 |  5.4
Necromancy     | 1 2 3 4 5 |  5.4
Translocations | 1 2 3 4 5 |  5.4
Fire Magic     | 1 2 3 4 5 |  5.4
Ice Magic      | 1 2 3 4 5 |  5.4
Air Magic      | 1 2 3 4 5 |  5.4
Earth Magic    | 1 2 3 4 5 |  5.4
Poison Magic   | 1 2 3 4 5 |  5.4
Fighting       | 3 4 5 6 7 |  7.1
Transmutations | 4 5 6 |  6.7
Dodging        | 5 6 7 8 |  8.1
Unarmed Combat | 7 8 9 |  9.3

Action                   |  1- 3 |  4- 6 |  7- 9 | 10-12 || total
-------------------------+-------+-------+-------+-------++-------
Melee: Unarmed           |    69 |   130 |   266 |   367 ||   832
       Kick              |    12 |     7 |     5 |    24 ||    48
       Bite              |     4 |    12 |    13 |    18 ||    47
       Punch             |     1 |     3 |     3 |    12 ||    19
       Headbutt          |     1 |     2 |     3 |    17 ||    23
Throw: Tomahawk          |       |       |     2 |     2 ||     4
 Cast: Beastly Appendage |    11 |    14 |    11 |    16 ||    52
       Sticks to Snakes  |     4 |    17 |    11 |     9 ||    41
       Spider Form       |     1 |     1 |    15 |    15 ||    32
       Ice Form          |       |       |       |     1 ||     1
Invok: Upheaval          |       |       |       |     2 ||     2
       Disaster Area     |       |       |       |     1 ||     1
Evoke: Wand              |       |       |     4 |     4 ||     8
  Use: Scroll            |     4 |     4 |     7 |     5 ||    20
       Potion            |     2 |     5 |     4 |     5 ||    16
 Stab: Sleeping          |     1 |     3 |       |       ||     4
       Distracted        |     1 |       |       |       ||     1
       Paralysed         |       |       |       |     7 ||     7
  Eat: Chunk             |       |    11 |    16 |    13 ||    40
Armor: Robe              |    11 |     7 |     2 |       ||    20
       Skin              |       |       |     6 |     6 ||    12
       Leather armour    |       |       |    13 |    20 ||    33
Dodge: Dodged            |    54 |    90 |   129 |   255 ||   528
       Deflected         |       |       |       |     7 ||     7
Block: Other             |       |       |    32 |    84 ||   116
